 Dungeon Crawl Stone Soup version 0.28.0 (webtiles) character file.

Game seed: 12486655961291607109

641 dorian the Zephyrmancer (level 7, -3/36 HPs)
             Began as a Tengu Air Elementalist on Feb 11, 2022.
             Shot with an arrow by a centaur (11 damage)
             ... on level 5 of the Dungeon.
             The game lasted 00:09:03 (4897 turns).

dorian the Zephyrmancer (Tengu Air Elementalist)    Turns: 4897, Time: 00:09:03

Health: -3/36      AC:  2    Str:  9    XL:     7   Next: 51%
Magic:  8/11       EV: 14    Int: 17    God:
Gold:   223        SH:  0    Dex: 14    Spells: 0/10 levels left

rFire   + . .      SeeInvis .   (no weapon)
rCold   . . .      Faith    .   (no shield)
rNeg    . . .      Spirit   .   a - +0 robe
rPois   .          Reflect  .   (helmet restricted)
rElec   .          Harm     .   (no cloak)
rCorr   .          Rampage  .   (no gloves)
Will    .....                   (boots unavailable)
Stlth   ++........              (no amulet)
HPRegen 0.12/turn               c - ring of protection from fire
MPRegen 0.12/turn               (no ring)

@: flying quickly and evasively, quick
A: beak, talons 3, nimble flight
a: no special abilities


You were on level 5 of the Dungeon.
You visited 1 branch of the dungeon, and saw 5 of its levels.

You collected 223 gold pieces.

Inventory:

Hand Weapons
 s - a +2 spectral club
Missiles
 m - a throwing net
Armour
 a - a +0 robe (worn)
Jewellery
 c - a ring of protection from fire (left hand)
Wands
 q - a wand of flame (7)
Scrolls
 b - a scroll of magic mapping
 g - 2 scrolls of identify
 n - 2 scrolls of teleportation
Potions
 d - a potion of lignification {unknown}
 e - 2 potions of brilliance {unknown}
 f - 3 potions of flight
 h - 3 potions of curing {unknown}
 i - a potion of degeneration {unknown}
 j - a potion of magic {unknown}
 l - a potion of cancellation {unknown}
 o - 2 potions of invisibility
 p - a potion of attraction {unknown}
 r - a potion of heal wounds {unknown}


   Skills:
 - Level 2.1 Dodging
 - Level 2.0 Stealth
 + Level 2.3 Spellcasting
 + Level 7.2 Conjurations
 + Level 8.3 Air Magic


You couldn't memorise any spells.
You knew the following spells:

 Your Spells              Type           Power      Damage    Failure   Level
a - Shock                 Conj/Air       100%       1d9       1%          1
b - Static Discharge      Conj/Air       28%        N/A       1%          2
c - Swiftness             Air            30%        N/A       1%          3
d - Airstrike             Air            15%        N/A       6%          4

Your spell library contained the following spells:

 Spells                   Type           Power      Damage    Failure   Level
 Ozocubu's Armour         Ice            1%         N/A       50%         3
 Ozocubu's Refrigeration  Ice            0%         4d5       100%        7


Dungeon Overview and Level Annotations

Branches:
Dungeon (5/15)
 Temple: D:4-7

Altars:
Dithmenos
Nemelex Xobeh
Wu Jian
The Shining One


Innate Abilities, Weirdness & Mutations

You have a beak for a mouth.
You have claws for feet.
Your magical nature lets you fly swiftly and evasively.


Message History

Aim: an adder (almost dead, 57% to hit)
The zap hits the adder!
You kill the adder!
Magic restored.
A centaur comes into view.
Found a pair of gloves.
The centaur shouts!
The centaur wields a +0 shortbow.
The centaur shoots an arrow.
The arrow hits you!
Casting: Shock (safe; 1% risk of failure)
Confirm with . or Enter, or press ? or * to list all spells.
Aiming: Shock (safe; 1% risk of failure)
Press: ? - help, Shift-Dir - straight line, f - centaur
Aim: a centaur, wielding a +0 shortbow and quivering arrows (84% to hit)
The zap hits the centaur!
The centaur is moderately wounded.
A worm comes into view.
Casting: Shock (safe; 1% risk of failure)
Confirm with . or Enter, or press ? or * to list all spells.
Aiming: Shock (safe; 1% risk of failure)
Press: ? - help, Shift-Dir - straight line, f/p - centaur
Aim: a centaur, wielding a +0 shortbow and quivering arrows (moderately wounded, 84% to hit)
The zap hits the centaur!
The centaur is severely wounded.
The zap hits the worm!
The worm is heavily wounded.
The centaur shoots an arrow.
The arrow hits you!
The centaur shoots an arrow.
The arrow hits you!
* * * LOW HITPOINT WARNING * * *
Casting: Shock (safe; 1% risk of failure)
Confirm with . or Enter, or press ? or * to list all spells.
Aiming: Shock (safe; 1% risk of failure)
Press: ? - help, Shift-Dir - straight line, f/p - centaur
Aim: a centaur, wielding a +0 shortbow and quivering arrows (severely wounded, 84% to hit)
The zap hits the centaur.
The centaur is severely wounded.
The zap hits the worm.
The worm is heavily wounded.
The centaur shoots an arrow.
The arrow hits you!
You die...

##.§§§§.####.##
##..§.........#
##.............#
#..............# #
...............# #w#
..#............# ...
..............## c.#
...>....###...###..####
........<#.....@.......
.......###........#....
....... #............#
....... #...†........#
....... ...............
......##..........#....
#........##.......#....
......... #........ ...
.


You could see a centaur and a worm.

Vanquished Creatures
  Grinder (D:4)
  A black bear (D:5)
  An ogre (D:4)
  2 scorpions (D:4)
  An iguana (D:2)
  Ijyb (D:4)
  4 adders
  2 worms (D:2)
  2 dart slugs
  An orc (D:4)
  2 ball pythons
  8 bats
  6 endoplasms
  2 giant cockroaches
  11 goblins
  5 hobgoblins
  3 jackals (D:1)
  8 kobolds
  A quokka (D:1)
  2 frilled lizards (D:1)
  7 rats
71 creatures vanquished.

Vanquished Creatures (others)
  2 plants (D:4)
2 creatures vanquished.

Grand Total: 73 creatures vanquished

Notes
Turn   | Place    | Note
-------+----------+-------------------------------------------
     0 | D:1      | dorian the Tengu Air Elementalist began the quest for the
                  | Orb.
     0 | D:1      | Reached XP level 1. HP: 10/10 MP: 4/4
   345 | D:1      | Reached XP level 2. HP: 15/15 MP: 4/6
   711 | D:1      | Learned a level 2 spell: Static Discharge
   808 | D:1      | Reached XP level 3. HP: 19/19 MP: 4/7
  1241 | D:2      | Learned a level 3 spell: Swiftness
  1384 | D:2      | Reached skill level 5 in Air Magic
  1715 | D:2      | Reached XP level 4. HP: 24/24 MP: 3/8
  1952 | D:2      | Found a glowing golden altar of the Shining One.
  2623 | D:3      | Found an ornate altar of the Wu Jian Council.
  2722 | D:3      | Found a faded altar of an unknown god.
  2942 | D:4      | Found a sparkling altar of Nemelex Xobeh.
  2989 | D:4      | Noticed Grinder
  3247 | D:4      | Noticed a scorpion
  3259 | D:4      | Killed a scorpion
  3260 | D:4      | Reached skill level 6 in Air Magic
  3260 | D:4      | Gained mutation: Your magical nature lets you fly swiftly
                  | and evasively. [Tengu growth]
  3260 | D:4      | Reached XP level 5. HP: 10/28 MP: 0/9
  3490 | D:4      | Noticed an ogre
  3501 | D:4      | Killed an ogre
  3502 | D:4      | Reached skill level 5 in Conjurations
  3502 | D:4      | Reached XP level 6. HP: 32/32 MP: 1/10
  3648 | D:4      | Reached skill level 7 in Air Magic
  3928 | D:4      | Killed Grinder
  3929 | D:4      | Reached XP level 7. HP: 14/36 MP: 0/11
  4436 | D:4      | Noticed Ijyb
  4474 | D:4      | Killed Ijyb
  4475 | D:4      | Reached skill level 8 in Air Magic
  4651 | D:4      | Learned a level 4 spell: Airstrike
  4696 | D:5      | Entered Level 5 of the Dungeon
  4855 | D:5      | Found a shadowy altar of Dithmenos.
  4897 | D:5      | Shot with an arrow by a centaur

Illustrated notes

Levels and vault maps discovered:
D:1:      minmay_arrival_doors, layout_loops_corners
D:2:      layout_basic, basic_altar, lemuel_old_faithful
D:3:      layout_basic, pdpol_wu_jian_five_deadly_venoms,
          chequers_ecumenical_altar_twisty
D:4:      kennysheep_the_goblin_king, layout_gridville, amcnicky_altar_gilded,
          serial_bayou_pond_d, uniq_grinder
D:5:      layout_cave_pools, general_overflow_altar, grunt_dithmenos_smoke,
          minmay_liquid_box

Skill      XL: |  1  2  3  4  5  6  7 |
---------------+----------------------+-----
Conjurations   | 2 3 4 5 6 7 |  7.2
Air Magic      | 5 6 7 8 |  8.3
Dodging        | |  2.1
Stealth        | |  2.0
Spellcasting   | |  2.3

Action                   |  1- 3 |  4- 6 |  7- 9 || total
-------------------------+-------+-------+-------++-------
Melee: Unarmed           |     5 |       |       ||     5
       Kick              |     2 |       |       ||     2
 Cast: Shock             |    70 |    61 |    22 ||   153
       Static Discharge  |       |    11 |     6 ||    17
  Use: Scroll            |       |     3 |     2 ||     5
Armor: Robe              |     5 |       |       ||     5
Dodge: Dodged            |    18 |     7 |     9 ||    34
